 Dungeon Crawl Stone Soup version 0.20-a0-940-g1ecfa5a (webtiles) character file.

49 JeffiDaFish the Conjurer (level 3, 0/27 HPs)
             Began as a Draconian Conjurer on Mar 31, 2017.
             Slain by a jackal (2 damage)
             ... on level 1 of the Dungeon.
             The game lasted 00:05:19 (1113 turns).

JeffiDaFish the Conjurer (Draconian Conjurer)       Turns: 1113, Time: 00:05:20

Health: 0/27       AC:  5    Str: 10    XL:     3   Next: 51%
Magic:  1/6        EV: 12    Int: 15    God:
Gold:   10         SH:  0    Dex: 12    Spells: 0/6 levels left

rFire    . . .     SeeInvis .   e - +0 short sword
rCold    . . .     Gourm    .   (no shield)
rNeg     . . .     Faith    .   (armour unavailable)
rPois    .         Spirit   .   (helmet restricted)
rElec    .         Reflect  .   (no cloak)
rCorr    .         Harm     .   (no gloves)
MR       .....                  (no boots)
Stlth    ++........             (no amulet)
Regen    0.1/turn               (no ring)
MPRegen  0.1/turn               (no ring)

@: no status effects
A: unfitting armour, cold-blooded, AC +5
a: no special abilities


You were on level 1 of the Dungeon.
You were hungry.

You visited 1 branch of the dungeon, and saw 2 of its levels.

You collected 10 gold pieces.

Inventory:

Hand Weapons
 e - a +0 short sword (weapon)
Missiles
 c - 4 tomahawks (quivered)
Scrolls
 h - 2 scrolls of identify
Books
 a - a book of Conjurations

   Spells                             Type                      Level
   a - Magic Dart                     Conjuration                  1
   b - Searing Ray                    Conjuration                  2
   c - Dazzling Spray                 Conjuration/Hexes            3
   d - Fulminant Prism                Conjuration/Hexes            4
   e - Force Lance                    Conjuration/Translocation    4
   f - Iskenderun's Mystic Blast      Conjuration                  4
Comestibles
 b - a bread ration
 d - 7 chunks of flesh
 f - a meat ration
 g - a fruit


   Skills:
 + Level 0.7 Fighting
 - Level 0.1 Throwing
 + Level 2.0 Dodging
 + Level 2.1 Stealth
 * Level 2.3 Spellcasting
 * Level 4.6 Conjurations
 + Level 0.0 Hexes


You couldn't memorise any spells.
You knew the following spells:

 Your Spells              Type           Power        Failure   Level  Hunger
a - Magic Dart            Conj           ###.         3%          1    #......
b - Searing Ray           Conj           ###...       6%          2    ###....
c - Dazzling Spray        Conj/Hex       #.....       30%         3    ###....


Dungeon Overview and Level Annotations

Branches:
Dungeon (2/15)

Altars:


Innate Abilities, Weirdness & Mutations

Your plain brown scales are hard. (AC +5)
You cannot fit into any form of body armour.
You are cold-blooded and may be slowed by cold attacks.


Message History

* * * LOW HITPOINT WARNING * * *
You barely miss the jackal.
The jackal is heavily wounded.
The jackal closely misses you.
The jackal bites you but does no damage.
You closely miss the jackal.
The jackal is heavily wounded.
The jackal barely misses you.
Casting: Searing Ray
Confirm with . or Enter, or press ? or * to list all spells.
Aiming: Searing Ray
Press: ? - help, Shift-Dir - straight line, f - jackal
Aim: a jackal (heavily wounded)
The searing ray hits the jackal.
The jackal is almost dead. (Press . to maintain the ray.)
The jackal bites you.
* * * LOW HITPOINT WARNING * * *
The jackal bites you.
You die...

########.# #.###.....#.#.#####
##########.# #.##....#.#.#......
#........#.# #.##.####.#.#..###.
#....###.#.###.##.# #.#.#....#.
#....# #.....#....####.#....#.#.
#....#####.#.#..#......######.#.
#....'.....#.#..#.###...........
#....###.#.#..P.#.# #.######...#
#....###.P..♣..@#.# #.### #....
#....#P.....≈P.hP.###...# #..#.
######♣....≈♣.≈....####.####..#.
#..P≈≈≈≈♣≈...♣#...#.....#.
#♣...≈≈)≈♣≈...#.###.###.##
#P...≈♣≈≈..P.#.# #.###.##
##P..♣≈♣≈♣..##.# #.......
##P..PP..#.##.# #####.##
#..###..#.##.#### #..#


You could see a jackal.

Vanquished Creatures
  An adder (D:2)
  A dart slug (D:1)
  A leopard gecko (D:2)
  2 giant cockroaches (D:1)
  4 goblins (D:1)
  4 hobgoblins
  4 jackals
  3 kobolds (D:1)
  A ball python (D:2)
  A bat (D:1)
  5 frilled lizards (D:1)
  8 rats
35 creatures vanquished.

Notes
Turn   | Place    | Note
-------+----------+-------------------------------------------
     0 | D:1      | JeffiDaFish the Draconian Conjurer began the quest for the Orb.
     0 | D:1      | Reached XP level 1. HP: 14/14 MP: 3/3
   248 | D:1      | Reached XP level 2. HP: 18/20 MP: 1/5
   263 | D:1      | Learned a level 2 spell: Searing Ray
   923 | D:1      | Reached XP level 3. HP: 24/27 MP: 2/6
  1062 | D:2      | Learned a level 3 spell: Dazzling Spray
  1113 | D:1      | Slain by a jackal

Vault maps used:
D:1:      dpeg_arrival_castle, serial_bayou_pond_a
D:2:      zin_angel, first_bread, grunt_decor_mini_mirrors

Skill      XL: |  1  2 |
---------------+-------+-----
Dodging        | 2 |  2.0
Stealth        | 2 |  2.1
Fighting       | |  0.7
Throwing       | |  0.1
Spellcasting   | |  2.3
Conjurations   | |  4.6

Action                   || total
-------------------------++-------
Melee: Unarmed           ||     6
       Tailslap          ||     7
       Short sword       ||    48
Throw: Tomahawk          ||     4
 Cast: Magic Dart        ||    28
       Searing Ray       ||    11
  Use: Scroll            ||     3
       Potion            ||     2
  Eat: Chunk             ||     1
Armor: Skin              ||    20
Dodge: Dodged            ||    30
